 Dungeon Crawl Stone Soup version 0.28-a0-932-g843f935a50 (webtiles) character file.

Game seed: 13907235861468015729

192 mcbry74 the Chopper (level 5, 0/45 HPs)
             Began as a Hill Orc Fighter on Nov 27, 2021.
             Splashed by a jelly's acid (7 damage)
             ... on level 4 of the Dungeon.
             The game lasted 00:08:55 (2646 turns).

mcbry74 the Chopper (Hill Orc Fighter)              Turns: 2646, Time: 00:08:56

Health: 0/45       AC: -6    Str: 20    XL:     5   Next: 71%
Magic:  5/5        EV: 11    Int:  8    God:
Gold:   138        SH:  4    Dex: 10    Spells: 4/4 levels left

rFire   . . .      SeeInvis .   a - +0 war axe
rCold   + . .      Faith    .   c - +0 buckler
rNeg    . . .      Spirit   .   o - +0 chain mail
rPois   .          Reflect  .   (no helmet)
rElec   .          Harm     .   (no cloak)
rCorr   .          Rampage  .   (no gloves)
Will    .....                   (no boots)
Stlth   ..........              (no amulet)
HPRegen 0.15/turn               e - ring of protection from cold
MPRegen 0.09/turn               m - +4 ring of evasion

@: corroded
A: no striking features
a: no special abilities


You were on level 4 of the Dungeon.
You visited 1 branch of the dungeon, and saw 4 of its levels.

You collected 138 gold pieces.

Inventory:

Hand Weapons
 a - a +0 war axe (weapon)
Missiles
 i - 5 atropa-tipped darts (quivered)
 q - 3 boomerangs
 r - a throwing net
Armour
 b - a +0 scale mail
 c - a +0 buckler (worn)
 o - a +0 chain mail (worn)
Jewellery
 e - a ring of protection from cold (left hand)
 m - a +4 ring of evasion (right hand)
Wands
 j - a wand of acid (7)
 n - a wand of flame (20)
Scrolls
 h - a scroll of immolation {unknown}
 k - a scroll of identify {unknown}
Potions
 d - a potion of might
 g - 4 potions of haste {unknown}
 l - a potion of ambrosia {unknown}
 p - a potion of heal wounds {unknown}


   Skills:
 - Level 3.6 Fighting
 * Level 7.1 Axes
 + Level 3.7 Armour
 - Level 3.2 Shields
 + Level 1.0 Evocations


You had 4 spell levels left.
You didn't know any spells.
Your spell library contained the following spells:

 Spells                   Type           Power      Damage    Failure   Level
 Conjure Ball Lightning   Conj/Air       0%         3x3d6     100%        6
 Discord                  Hex            0%         N/A       100%        8
 Disjunction              Tloc           0%         N/A       100%        8


Dungeon Overview and Level Annotations

Branches:
Dungeon (4/15)
 Temple: D:4-7

Altars:


Message History

You see here 18 stones.
You see here a frilled lizard corpse.
Done exploring.
Done exploring.
Things that are here:
a +0 club; a +0 spear
There is an open door here.
There is a stone staircase leading down here.
You climb downwards.
You hear the sound of rushing water.
There is an entrance to a sewer on this level.
Hurry and find it before the portal rusts away!
The jelly quivers.
Found a scroll labelled MEOQINL FIOC, a sapphire potion and 15 gold pieces.
Found a stone staircase leading up.
There is a stone staircase leading up here.
As you read the scroll labelled YBRUDWIYTU, it crumbles to dust.
It is a scroll of amnesia.
You feel forgetful for a moment.
You hit the jelly. The acid corrodes you!
Your hands burn!
The jelly is lightly wounded.
The jelly hits you but does no damage.
You slash the jelly!
Your hands burn!
The jelly is heavily wounded.
The jelly hits you. The acid corrodes you!
You are splashed with acid!
You hit the jelly. The acid corrodes you!
Your hands burn!
The jelly is severely wounded.
The jelly hits you.
You are splashed with acid.
You hit the jelly but do no damage. The acid corrodes you!
Your hands burn!
The jelly is severely wounded.
The jelly closely misses you.
You hit the jelly but do no damage.
Your hands burn!
The jelly is severely wounded.
The jelly hits you.
You are splashed with acid!
* * * LOW HITPOINT WARNING * * *
You barely miss the jelly.
The jelly is severely wounded.
The jelly hits you.
* * * LOW HITPOINT WARNING * * *
You are splashed with acid!
You die...

#...# ..# ###
...# .... ....
...# ....
....##... .....
........##.....
...............
......!.......#
.......J....?#
..###..@.....#
##.<...#..#
##..### # ..##
..# ..## .$ #..


You could see a jelly.

Vanquished Creatures
  Natasha (twice) (D:2)
  5 gnolls
  3 adders (D:3)
  2 worms (D:2)
  A dart slug (D:1)
  5 endoplasms
  2 giant cockroaches
  8 goblins
  6 hobgoblins
  4 jackals (D:1)
  8 kobolds
  2 quokkas
  4 ball pythons
  6 bats
  4 frilled lizards
  A rat (D:2)
63 creatures vanquished.

Notes
Turn   | Place    | Note
-------+----------+-------------------------------------------
     0 | D:1      | mcbry74 the Hill Orc Fighter began the quest for the Orb.
     0 | D:1      | Reached XP level 1. HP: 19/19 MP: 1/1
    41 | D:1      | Reached skill level 3 in Axes
    98 | D:1      | Reached XP level 2. HP: 26/26 MP: 2/2
   164 | D:1      | Reached skill level 4 in Axes
   425 | D:1      | Reached XP level 3. HP: 31/31 MP: 3/3
   452 | D:1      | Reached skill level 5 in Axes
   868 | D:2      | Noticed Natasha
   872 | D:2      | Killed Natasha
   873 | D:2      | Reached XP level 4. HP: 39/39 MP: 4/4
  1021 | D:2      | Noticed Natasha
  1025 | D:2      | Killed Natasha
  1026 | D:2      | Reached skill level 6 in Axes
  1242 | D:3      | Found a faded altar of an unknown god.
  1391 | D:3      | Reached XP level 5. HP: 29/45 MP: 5/5
  1972 | D:3      | Reached skill level 7 in Axes
  2144 | D:3      | Reached skill level 1 in Evocations
  2646 | D:4      | Splashed by a jelly's acid

Illustrated notes

Levels and vault maps discovered:
D:1:      erik_arrival_blinker_ship, layout_rooms
D:2:      layout_loops_cross, uniq_natasha
D:3:      layout_basic, shapermc_ecumenical_altar_totnotflames,
          minmay_starry_boxes
D:4:      layout_cave_pools, overflow_temple_1_default, portal_sewer_entry_d,
          lexackson_kobold_supper

Skill      XL: |  1  2  3  4  5 |
---------------+----------------+-----
Axes           | 3 4 5 6 7 |  7.1
Evocations     | 1 |  1.0
Fighting       | |  3.6
Armour         | |  3.7
Shields        | |  3.2

Action                   |  1- 3 |  4- 6 || total
-------------------------+-------+-------++-------
Melee: War axe           |    80 |   129 ||   209
Throw: Dart              |       |     1 ||     1
  Use: Scroll            |     1 |     2 ||     3
Armor: Scale mail        |    35 |    14 ||    49
       Chain mail        |       |    30 ||    30
Dodge: Dodged            |    39 |    55 ||    94
Block: Buckler           |    12 |    23 ||    35

Table legend: (Time is in decaauts)
 A = Elapsed time spent in this place.
 B = Non-inter-level travel time spent in this place.
 C = Inter-level travel time spent in this place.
 D = Time resting spent in this place.
 E = Time spent auto-exploring this place.
 F = Levels seen in this place.
 G = Mean time per level.
                   A        B        C        D        E       F      G
               +--------+--------+--------+--------+--------+-----+--------+
         Total |   2689 |   2614 |     75 |    307 |   1458 |   4 |  672.2 |
       Dungeon |   2689 |   2614 |     75 |    307 |   1458 |   4 |  672.2 |
               +--------+--------+--------+--------+--------+-----+--------+

Top non-repeatable levels by time:
     D:3: 1420 daAuts
     D:2: 681 daAuts
     D:1: 579 daAuts
     D:4: 8 daAuts
